 Dungeon Crawl Stone Soup version 0.29.1-12-g30fa7ad0bf (webtiles) character file.

Game seed: 4366022029154466014

2 MisterFreud the Twirler (level 1, 0/16 HPs)
             Began as a Formicid Gladiator on Jan 16, 2023.
             Succumbed to a kobold's poison
             ... on level 2 of the Dungeon.
             The game lasted 00:00:22 (216 turns).

MisterFreud the Twirler (Formicid Gladiator)         Turns: 216, Time: 00:00:23

Health: 0/16       AC:  3    Str: 18    XL:     1   Next: 44%
Magic:  1/1        EV: 12    Int:  7    God:
Gold:   21         SH:  0    Dex: 15    Spells: 0/0 levels left

rFire   . . .      SeeInvis +   a - +0 quarterstaff
rCold   . . .      Faith    .   (no shield)
rNeg    . . .      Spirit   .   b - +0 leather armour
rPois   .          Reflect  .   (helmet unavailable)
rElec   .          Harm     .   (no cloak)
rCorr   .          Rampage  .   (no gloves)
Will    .....                   (no boots)
Stlth   +.........              (no amulet)
HPRegen 0.05/turn               (no ring)
MPRegen 0.07/turn               (no ring)

@: lethally poisoned (0 -> -2)
A: permanent stasis, dig shafts and tunnels, antennae 3, four strong arms
a: Dig, Shaft Self


You were on level 2 of the Dungeon.
You visited 1 branch of the dungeon, and saw 2 of its levels.

You collected 21 gold pieces.

Inventory:

Hand Weapons
 a - a +0 quarterstaff (weapon)
Missiles
 c - 3 throwing nets (quivered)
 d - a javelin
Armour
 b - a +0 leather armour (worn)
Scrolls
 e - 2 scrolls of identify {unknown}


   Skills:
 - Level 2.1 Fighting
 + Level 3.2 Staves
 - Level 2.0 Throwing
 - Level 2.6 Dodging


You couldn't memorise any spells.
You didn't know any spells.
Your spell library contained the following spells:

 Spells                   Type           Power      Damage    Failure   Level
 Ozocubu's Armour         Ice            0%         N/A       86%         3
 Ozocubu's Refrigeration  Ice            0%         4d7       100%        7


Dungeon Overview and Level Annotations

Branches:
Dungeon (1/15)

Altars:


Innate Abilities, Weirdness & Mutations

You cannot be hasted, slowed, berserked, paralysed or teleported.
You can dig through walls and to a lower floor.
You have a pair of large antennae on your head. (SInv)
Your four strong arms can wield two-handed weapons with a shield.


Message History

A kobold comes into view. It is wielding a +1 dagger of venom.
The kobold shouts!
A bat comes into view.
The bat moves out of view.
Found 8 stones.
There are monsters nearby!
The bat hits you. The kobold closely misses you.
A frilled lizard comes into view.
You barely miss the kobold.
The frilled lizard hisses angrily.
The bat barely misses you. The kobold hits you but does no damage.
You are poisoned.
The kobold hits you but does no damage.
You are lethally poisoned!
There is a lethal amount of poison in your body!
You sock the kobold!
You kill the kobold!
You feel very sick. The bat closely misses you.
You feel very sick. The bat hits you but does no damage.
It was a potion of magic.
Magic courses through your body.
You feel sick. The bat barely misses you. The bat hits you but does no damage.
Are you sure you want to shaft yourself?
You feel sick. The bat closely misses you.
You begin to dig a shaft.
You continue digging a shaft.
* * * LOW HITPOINT WARNING * * *
You feel sick. The bat hits you but does no damage.
A shaft appears beneath you!
You fall into a shaft and drop 1 floor!
The shaft crumbles and collapses.
* * * LOW HITPOINT WARNING * * *
You feel sick.
Unknown command.
* * * LOW HITPOINT WARNING * * *
You feel sick.
* * * LOW HITPOINT WARNING * * *
You feel sick.
You aren't carrying any potions.
You die...

#. .
.##
..#
#.#
{
#.#
#.#
#@##
#..#
##.#
#.#
#.#
#.#
#.#
#.#
#.#


There were no monsters in sight!

Vanquished Creatures
  A bat (D:1)
  A kobold (D:1)
2 creatures vanquished.

Notes
Turn   | Place    | Note
-------+----------+-------------------------------------------
     0 | D:1      | MisterFreud the Formicid Gladiator began the quest for the
                  | Orb.
     0 | D:1      | Reached XP level 1. HP: 16/16 MP: 1/1
   213 | D:1      | You fall into a shaft and drop 1 floor!
   216 | D:2      | Succumbed to a kobold's poison

Illustrated notes

Levels and vault maps discovered:
D:1:      nagdon_arrival_double_spiral, layout_loops_ring,
          hellmonk_ecumenical_altar_inner_sanctum, st_stairs_9
D:2:      layout_rooms, basic_altar, uniq_robin, uniq_crazy_yiuf_cottage,
          uniq_natasha

Action                   || total
-------------------------++-------
Melee: Quarterstaff      ||     8
 Abil: Shaft Self        ||     1
  Use: Potion            ||     1
Armor: Leather armour    ||     7
Dodge: Dodged            ||    10
